 Dungeon Crawl Stone Soup version 0.29-a0-419-g77450f2 (webtiles) character file.

Game seed: 10326137956382566133

57 Illumine the Bolt Thrower (level 3, -10/30 HPs)
             Began as a Minotaur Hunter on May 18, 2022.
             Killed from afar by Ijyb (12 damage)
             ... with an iceblast
             ... on level 2 of the Dungeon.
             The game lasted 00:01:28 (1231 turns).

Illumine the Bolt Thrower (Minotaur Hunter)         Turns: 1231, Time: 00:01:29

Health: -10/30     AC:  3    Str: 15    XL:     3   Next: 73%
Magic:  2/2        EV: 12    Int:  6    God:
Gold:   44         SH:  0    Dex: 15    Spells: 2/2 levels left

rFire   . . .      SeeInvis .   a - +1 hand crossbow
rCold   . . .      Faith    .   (no shield)
rNeg    . . .      Spirit   .   i - +0 leather armour
rPois   .          Reflect  .   (helmet restricted)
rElec   .          Harm     .   (no cloak)
rCorr   .          Rampage  .   (no gloves)
Will    .....                   (no boots)
Stlth   +.........              (no amulet)
HPRegen 0.10/turn               (no ring)
MPRegen 0.08/turn               (no ring)

@: no status effects
A: horns 2, retaliatory headbutt
a: no special abilities


You were on level 2 of the Dungeon.
You visited 1 branch of the dungeon, and saw 2 of its levels.

You collected 44 gold pieces.

Inventory:

Hand Weapons
 a - a +1 hand crossbow (weapon)
 b - a +0 war axe
Armour
 i - a +0 leather armour (worn)
Scrolls
 c - a scroll of immolation
 d - a scroll of vulnerability {unknown}
 e - a scroll of identify {unknown}
 g - a scroll of fog {unknown}
 j - a scroll of teleportation {unknown}
Potions
 f - a potion of curing {unknown}
 h - a potion of cancellation {unknown}


   Skills:
 - Level 2.4 Fighting
 + Level 1.4 Axes
 * Level 5.7 Crossbows
 - Level 2.1 Dodging
 - Level 0.7 Stealth


You had 2 spell levels left.
You didn't know any spells.
Your spell library contained the following spells:

 Spells                   Type           Power      Damage    Failure   Level
 Corpse Rot               Necr/Air       0%         N/A       67%         2
 Poisonous Vapours        Pois/Air       0%         N/A       67%         2


Dungeon Overview and Level Annotations

Branches:
Dungeon (2/15)

Altars:

Shops:
D:1 ?

Annotations:
D:2 Ijyb


Innate Abilities, Weirdness & Mutations

You have a pair of horns on your head.
You reflexively headbutt those who attack you in melee.


Message History

You shoot a bolt. The adder hisses angrily.
The bolt hits the adder.
The adder is heavily wounded.
You shoot a bolt. The bolt hits the adder.
The adder is almost dead.
The adder misses you. You furiously retaliate!
You headbutt the adder!
You kill the adder!
You see here a +0 club.
Found a stone staircase leading down.
You now have 38 gold pieces (gained 11).
j - a scroll labelled MEPAET XIUHE
Found a stone staircase leading down.
Found a faded altar of an unknown god.
You now have 44 gold pieces (gained 6).
Found an escape hatch in the floor.
There is an escape hatch in the floor here. 2 goblins come into view.
The goblin shouts!
You hear a shout! x2
Your line of fire to the goblin is blocked by a granite statue.
Continue anyway? [Y]es or [N]o only, please.
Your line of fire to the goblin is blocked by a granite statue.
Continue anyway?
Okay, then.
You hear a shout!
You shoot a bolt. The bolt hits the goblin!
You kill the goblin!
No target in view!
No target in view!
Ijyb the Twisted Goblin comes into view.
She is wielding a +0 club and carrying a wand of iceblast (11).
You shoot a bolt. The bolt barely misses the goblin.
You shoot a bolt. The bolt hits the goblin!
You kill the goblin!
Ijyb zaps a wand.
The mass of ice explodes!
The iceblast engulfs you!
Ouch! That really hurt!
Ijyb zaps a wand.
The mass of ice explodes!
The iceblast engulfs you!
* * * LOW HITPOINT WARNING * * *
You hear a shout! x3
You hear a shout!
Ijyb zaps a wand.
The mass of ice explodes!
The iceblast engulfs you!
You die...

########## .........##### #
#........# .
###.#.#.##.######## .#
#...>###.#........########.#
#.#.#.#.......@............
#.#.##.####.#####.#g####.#
###.#.##.# #.# #....g...#
#...#..#.# #.# ##...#)###
#.####.#.# #.# #####..#
.........# #.# 8g.#
#.####.######.# ..g.#
...........>#.## .....#
#.##...###.....# ......#


You could see Ijyb.

Vanquished Creatures
  2 adders (D:2)
  2 dart slugs (D:1)
  A ball python (D:1)
  4 endoplasms (D:1)
  2 giant cockroaches (D:1)
  9 goblins
  5 hobgoblins (D:1)
  A bat (D:1)
  2 kobolds (D:1)
  3 rats (D:1)
31 creatures vanquished.

Notes
Turn   | Place    | Note
-------+----------+-------------------------------------------
     0 | D:1      | Illumine the Minotaur Hunter began the quest for the Orb.
     0 | D:1      | Reached XP level 1. HP: 18/18 MP: 0/0
   225 | D:1      | Reached XP level 2. HP: 25/25 MP: 1/1
   227 | D:1      | Reached skill level 5 in Crossbows
   399 | D:1      | Found Rowiggow's Magic Scroll Emporium.
   545 | D:1      | Reached XP level 3. HP: 30/30 MP: 2/2
   965 | D:2      | Reached skill level 1 in Axes
  1174 | D:2      | Found a faded altar of an unknown god.
  1221 | D:2      | Noticed Ijyb
  1231 | D:2      | Killed from afar by Ijyb

Illustrated notes

Levels and vault maps discovered:
D:1:      dpeg_arrival_erosion, layout_basic, serial_shops,
          nicolae_lakefront_shop
D:2:      kennysheep_the_goblin_king, layout_loops_ring,
          ebering_ecumenical_altar_abandoned, serial_shops, shop, basic_altar

Skill      XL: |  1  2  3 |
---------------+----------+-----
Crossbows      | 5 |  5.7
Axes           | 1 |  1.4
Fighting       | |  2.4
Dodging        | |  2.1
Stealth        | |  0.7

Action                   || total
-------------------------++-------
Melee: War axe           ||     3
 Fire: Hand crossbow     ||    70
Armor: Leather armour    ||     5
Dodge: Dodged            ||    14

Table legend: (Time is in decaauts)
 A = Elapsed time spent in this place.
 B = Non-inter-level travel time spent in this place.
 C = Inter-level travel time spent in this place.
 D = Time resting spent in this place.
 E = Time spent auto-exploring this place.
 F = Levels seen in this place.
 G = Mean time per level.
                   A        B        C        D        E       F      G
               +--------+--------+--------+--------+--------+-----+--------+
         Total |   1250 |   1224 |     26 |     42 |   1016 |   2 |  625.0 |
       Dungeon |   1250 |   1224 |     26 |     42 |   1016 |   2 |  625.0 |
               +--------+--------+--------+--------+--------+-----+--------+

Top non-repeatable levels by time:
     D:1: 941 daAuts
     D:2: 308 daAuts
